DSL
DSL LOS ANGELES (A) ANGELS @ DSL TEXAS RANGERS
07/08/2041
 
TOP OF THE 1ST
DSL Los Angeles (A) Angels batting - Pitching for DSL Texas Rangers : RHP Israel Carrillo
Pitching: RHP Israel Carrillo
Batting: RHB Alfredo Ramírez 0-0: Ball
1-0: Ball
2-0: Called Strike
2-1: Swinging Strike
2-2: Ball
3-2: Ground out 6-3 (Groundball, 6, EV 96.9 MPH)
Batting: RHB Nelson Santos 0-0: Called Strike
0-1: Swinging Strike
0-2: Foul Ball, location: 23F
0-2: Foul Ball, location: 2F
0-2: Strikes out looking
Batting: RHB Juan López 0-0: Called Strike
0-1: Foul Ball, location: 9LSF
0-2: Foul Ball, location: 7LDF
0-2: Foul Ball, location: 3FF
0-2: Strikes out swinging
Top of the 1st over - 0 runs, 0 hits, 0 errors, 0 left on base; DSL Los Angeles (A) 0 - DSL Texas 0
BOTTOM OF THE 1ST
DSL Texas Rangers batting - Pitching for DSL Los Angeles (A) Angels : LHP Juan Santiago
Pitching: LHP Juan Santiago
Batting: RHB Eddie King 0-0: Ball
1-0: Ball
2-0: Called Strike
2-1: SINGLE (Line Drive, 7S, EV 105.6 MPH)
Batting: RHB Steve Palmer 0-0: Called Strike
0-1: Ball
1-1: Foul Ball, location: 3FF
1-2: Strikes out swinging
Batting: LHB Greg Ibáñez 0-0: Ball
1-0: Grounds into double play, 4-6-3 (Groundball, 4, EV 83.1 MPH)
Bottom of the 1st over - 0 runs, 1 hit, 0 errors, 0 left on base; DSL Los Angeles (A) 0 - DSL Texas 0
TOP OF THE 2ND
DSL Los Angeles (A) Angels batting - Pitching for DSL Texas Rangers : RHP Israel Carrillo
Batting: LHB Juan Fabián 0-0: Foul Ball, location: 7LSF
0-1: Swinging Strike
0-2: Ball
1-2: Strikes out swinging
Batting: RHB Octávio Ramírez 0-0: Called Strike
0-1: Swinging Strike
0-2: Ball
1-2: Ball
2-2: Foul Ball, location: 9LDF
2-2: Foul Ball, location: 3FF
2-2: Strikes out swinging
Batting: RHB Orlando Lópes 0-0: Ball
1-0: Swinging Strike
1-1: Called Strike
1-2: Hit by Pitch
Batting: RHB António Elías 0-0: Called Strike
0-1: Ball
1-1: Swinging Strike
1-2: Ball
2-2: Fly out, F3 (Popup, 3SF, EV 75.0 MPH)
Top of the 2nd over - 0 runs, 0 hits, 0 errors, 1 left on base; DSL Los Angeles (A) 0 - DSL Texas 0
BOTTOM OF THE 2ND
DSL Texas Rangers batting - Pitching for DSL Los Angeles (A) Angels : LHP Juan Santiago
Batting: RHB Dana Ward 0-0: Called Strike
0-1: Ball
1-1: DOUBLE (Line Drive, 7LD, EV 96.9 MPH)
Batting: RHB Chris Armstrong 0-0: SINGLE (Groundball, 4MD, EV 101.3 MPH)
Dana Ward to third
Batting: RHB Mike Gaughan 0-0: Called Strike
0-1: Fly out, F8 (Flyball, 89D, EV 88.1 MPH)
Runner from 3rd tags up, SCORES, throw by CF
Batting: LHB Luis Fontanez 0-0: Swinging Strike
0-1: Fielders Choice at 2nd, 4-6 (Groundball, 4, EV 102.5 MPH)
Batting: LHB Dan Lee 0-0: Called Strike
0-1: Foul Ball, location: 2F
0-2: Ball
1-2: Foul Ball, location: 25F
1-2: Strikes out swinging
Bottom of the 2nd over - 1 run, 2 hits, 0 errors, 1 left on base; DSL Los Angeles (A) 0 - DSL Texas 1
TOP OF THE 3RD
DSL Los Angeles (A) Angels batting - Pitching for DSL Texas Rangers : RHP Israel Carrillo
Batting: SHB Dani Vega 0-0: Called Strike
0-1: Ball
1-1: Called Strike
1-2: Strikes out swinging
Batting: RHB Manny García 0-0: Called Strike
0-1: Swinging Strike
0-2: Strikes out looking
Batting: RHB Alfredo Ramírez 0-0: Called Strike
0-1: Swinging Strike
0-2: Foul Ball, location: 7LMF
0-2: Ball
1-2: Strikes out swinging
Top of the 3rd over - 0 runs, 0 hits, 0 errors, 0 left on base; DSL Los Angeles (A) 0 - DSL Texas 1
BOTTOM OF THE 3RD
DSL Texas Rangers batting - Pitching for DSL Los Angeles (A) Angels : LHP Juan Santiago
Batting: LHB Dan McClure 0-0: Called Strike
0-1: Fly out, F8 (Line Drive, 8LM, EV 100.6 MPH)
Batting: RHB Eddie King 0-0: Ball
1-0: Ball
2-0: Ground out 5-3 (Groundball, 56S, EV 66.3 MPH)
Batting: RHB Steve Palmer 0-0: Called Strike
0-1: Ball
1-1: Ball
2-1: Swinging Strike
2-2: Strikes out swinging
Bottom of the 3rd over - 0 runs, 0 hits, 0 errors, 0 left on base; DSL Los Angeles (A) 0 - DSL Texas 1
TOP OF THE 4TH
DSL Los Angeles (A) Angels batting - Pitching for DSL Texas Rangers : RHP Israel Carrillo
Batting: RHB Nelson Santos 0-0: Called Strike
0-1: Foul Ball, location: 23F
0-2: Ball
1-2: Strikes out looking
Batting: RHB Juan López 0-0: Swinging Strike
0-1: Ball
1-1: Foul Ball, location: 3SF
1-2: Strikes out swinging, 2-3 out at first.
Batting: LHB Juan Fabián 0-0: Ball
1-0: Foul Ball, location: 9LMF
1-1: Foul Ball, location: 2F
1-2: Strikes out swinging
Top of the 4th over - 0 runs, 0 hits, 0 errors, 0 left on base; DSL Los Angeles (A) 0 - DSL Texas 1
BOTTOM OF THE 4TH
DSL Texas Rangers batting - Pitching for DSL Los Angeles (A) Angels : LHP Juan Santiago
Batting: LHB Greg Ibáñez 0-0: Swinging Strike
0-1: Called Strike
0-2: Fly out, F7 (Line Drive, 78M, EV 92.5 MPH)
Batting: RHB Dana Ward 0-0: Ball
1-0: Foul Ball, location: 2F
1-1: Ball
2-1: Called Strike
2-2: Ball
3-2: Foul Ball, location: 7LMFF
3-2: Foul Ball, location: 2F
3-2: Foul Ball, location: 25FF
3-2: Strikes out swinging
Batting: RHB Chris Armstrong 0-0: Called Strike
0-1: Fly out, F8 (Line Drive, 8RD, EV 91.3 MPH)
Bottom of the 4th over - 0 runs, 0 hits, 0 errors, 0 left on base; DSL Los Angeles (A) 0 - DSL Texas 1
TOP OF THE 5TH
DSL Los Angeles (A) Angels batting - Pitching for DSL Texas Rangers : RHP Israel Carrillo
Batting: RHB Octávio Ramírez 0-0: Ball
1-0: SOLO HOME RUN (Flyball, 9LD, EV 104.4 MPH), Distance : 394 ft
Batting: RHB Orlando Lópes 0-0: Called Strike
0-1: Ball
1-1: Ball
2-1: Foul Ball, location: 25F
2-2: Foul Ball, location: 7LMF
2-2: Fly out, F8 (Flyball, 8LD, EV 98.8 MPH)
Batting: RHB António Elías 0-0: Ball
1-0: Foul Ball, location: 2F
1-1: Ground out 5-3 (Groundball, 56, EV 83.8 MPH)
Batting: SHB Dani Vega 0-0: Called Strike
0-1: Ball
1-1: Foul Ball, location: 2RF
1-2: Foul Ball, location: 5SF
1-2: Ball
2-2: Fly out, F8 (Flyball, 8RD, EV 105.0 MPH)
Top of the 5th over - 1 run, 1 hit, 0 errors, 0 left on base; DSL Los Angeles (A) 1 - DSL Texas 1
BOTTOM OF THE 5TH
DSL Texas Rangers batting - Pitching for DSL Los Angeles (A) Angels : LHP Juan Santiago
Batting: RHB Mike Gaughan 0-0: Called Strike
0-1: Ball
1-1: Ball
2-1: Foul Ball, location: 23F
2-2: Hit by Pitch
Batting: LHB Luis Fontanez 0-0: Sac Bunt to P - play at first, batter OUT! 1-3
Mike Gaughan to second
Batting: LHB Dan Lee 0-0: Called Strike
0-1: Ball
1-1: Ball
2-1: Ball
3-1: Base on Balls
Batting: LHB Dan McClure 0-0: Ball
1-0: Called Strike
1-1: Ball
2-1: Ball
3-1: Base on Balls
Mike Gaughan to third
Dan Lee to second
Batting: RHB Eddie King 0-0: Ball
1-0: Foul Ball, location: 3DF
1-1: Ball
2-1: Swinging Strike
2-2: Strikes out looking
Batting: RHB Steve Palmer 0-0: Swinging Strike
0-1: Ball
1-1: Foul Ball, location: 25F
1-2: Foul Ball, location: 2F
1-2: Ball
2-2: Fly out, F7 (Flyball, 7S, EV 86.9 MPH)
Bottom of the 5th over - 0 runs, 0 hits, 0 errors, 3 left on base; DSL Los Angeles (A) 1 - DSL Texas 1
TOP OF THE 6TH
DSL Los Angeles (A) Angels batting - Pitching for DSL Texas Rangers : RHP Israel Carrillo
Batting: RHB Manny García 0-0: Called Strike
0-1: Called Strike
0-2: Foul Ball, location: 23F
0-2: Ball
1-2: Ball
2-2: Strikes out swinging
Batting: RHB Alfredo Ramírez 0-0: Called Strike
0-1: Ball
1-1: Called Strike
1-2: Ball
2-2: Ball
3-2: Base on Balls
Batting: RHB Nelson Santos 0-0: Foul Ball, location: 2F
0-1: Ball
Alfredo Ramírez steals 2nd base
1-1: Swinging Strike
1-2: Strikes out swinging
Batting: RHB Juan López 0-0: Called Strike
0-1: Ball
1-1: Ball
2-1: Swinging Strike
2-2: Strikes out swinging
Top of the 6th over - 0 runs, 0 hits, 0 errors, 1 left on base; DSL Los Angeles (A) 1 - DSL Texas 1
BOTTOM OF THE 6TH
DSL Texas Rangers batting - Pitching for DSL Los Angeles (A) Angels : LHP Juan Santiago
Batting: LHB Greg Ibáñez 0-0: Foul Ball, location: 7LMF
0-1: Called Strike
0-2: Ground out 6-3 (Groundball, 6, EV 106.3 MPH)
Pitching: LHP Raúl Valdés
Batting: RHB Dana Ward 0-0: Swinging Strike
0-1: Called Strike
0-2: Ball
1-2: Ball
2-2: Ball
3-2: Base on Balls
Batting: RHB Chris Armstrong 0-0: Ball
1-0: Called Strike
1-1: Swinging Strike
1-2: Ball
2-2: Ball
3-2: Foul Ball, location: 25F
3-2: Base on Balls
Dana Ward to second
Batting: RHB Mike Gaughan 0-0: Ball
1-0: Ball
2-0: Foul Ball, location: 7LMF
2-1: Ball
3-1: DOUBLE (Line Drive, 89XD, EV 107.5 MPH)
Dana Ward scores
Chris Armstrong to third
Batting: LHB Luis Fontanez 0-0: SINGLE (Groundball, 4, EV 104.4 MPH)
Chris Armstrong scores
Mike Gaughan to third
Batting: LHB Dan Lee 0-0: Called Strike
0-1: Ball
1-1: Ball
2-1: Foul Ball, location: 2F
2-2: Foul Ball, location: 3FF
2-2: Ball
3-2: Strikes out looking
Batting: LHB Dan McClure 0-0: Foul Ball, location: 2LF
0-1: Swinging Strike
0-2: Ball
1-2: Foul Ball, location: 9LDF
1-2: Ball
2-2: Ball
3-2: Base on Balls
Luis Fontanez to second
Batting: RHB Eddie King 0-0: Ball
1-0: Foul Ball, location: 2F
1-1: DOUBLE (Line Drive, 3D, EV 106.9 MPH)
Mike Gaughan scores
Luis Fontanez scores
Dan McClure to third
Pitching: RHP Pancho Valdés
Batting: RHB Steve Palmer 0-0: Ball
1-0: Ball
2-0: Foul Ball, location: 3SF
2-1: Ground out U3 (Groundball, 13, EV 87.5 MPH)
Bottom of the 6th over - 4 runs, 3 hits, 0 errors, 2 left on base; DSL Los Angeles (A) 1 - DSL Texas 5
TOP OF THE 7TH
DSL Los Angeles (A) Angels batting - Pitching for DSL Texas Rangers : RHP Israel Carrillo
Batting: LHB Juan Fabián 0-0: Swinging Strike
0-1: Ball
1-1: Foul Ball, location: 2F
1-2: Strikes out swinging
Batting: RHB Octávio Ramírez 0-0: Ball
1-0: Foul Ball, location: 2F
1-1: Foul Ball, location: 2F
1-2: Ball
2-2: Foul Ball, location: 3F
2-2: Foul Ball, location: 5SF
2-2: Strikes out looking
Batting: RHB Orlando Lópes 0-0: Fly out, F2 (Popup, 23F, EV 79.4 MPH)
Top of the 7th over - 0 runs, 0 hits, 0 errors, 0 left on base; DSL Los Angeles (A) 1 - DSL Texas 5
BOTTOM OF THE 7TH
DSL Texas Rangers batting - Pitching for DSL Los Angeles (A) Angels : RHP Pancho Valdés
Batting: LHB Greg Ibáñez 0-0: Ball
1-0: Called Strike
1-1: Ball
2-1: Ball
3-1: Called Strike
3-2: Base on Balls
Batting: RHB Dana Ward 0-0: Called Strike
Greg Ibáñez is caught stealing 2nd base 2-4
0-1: Called Strike
0-2: Ball
1-2: Ball
2-2: Strikes out swinging
Batting: RHB Chris Armstrong 0-0: Called Strike
0-1: SOLO HOME RUN (Flyball, 8LXD, EV 102.5 MPH), Distance : 424 ft
Batting: RHB Mike Gaughan 0-0: TRIPLE (Flyball, 9D, EV 96.3 MPH)
Batting: LHB Luis Fontanez 0-0: Called Strike
0-1: Ball
1-1: Ball
2-1: Fly out, F6 (Popup, P, EV 86.3 MPH)
Bottom of the 7th over - 1 run, 2 hits, 0 errors, 1 left on base; DSL Los Angeles (A) 1 - DSL Texas 6
TOP OF THE 8TH
DSL Los Angeles (A) Angels batting - Pitching for DSL Texas Rangers : RHP Israel Carrillo
Pitching: RHP Jerry O'Reilly
Batting: RHB António Elías 0-0: Called Strike
0-1: Ball
1-1: Called Strike
1-2: Foul Ball, location: 2F
1-2: Hit by Pitch
Batting: SHB Dani Vega 0-0: Ball
1-0: Ball
2-0: Swinging Strike
2-1: Called Strike
2-2: Ball
3-2: Base on Balls
António Elías to second
Batting: RHB José Cruzado 0-0: Ball
1-0: Foul Ball, location: 2F
1-1: Called Strike
1-2: Foul Ball, location: 2F
1-2: Grounds into double play, 6-4-3 (Groundball, 6, EV 87.5 MPH)
António Elías to third
Pinch Hitting: LHB Mauro Aranda 0-0: Called Strike
0-1: Ball
1-1: Called Strike
1-2: Ball
2-2: Strikes out swinging
Top of the 8th over - 0 runs, 0 hits, 0 errors, 1 left on base; DSL Los Angeles (A) 1 - DSL Texas 6
BOTTOM OF THE 8TH
DSL Texas Rangers batting - Pitching for DSL Los Angeles (A) Angels : RHP Pancho Valdés
Now at 3B: António Toro
Batting: LHB Dan Lee 0-0: Ground out 3-1 (Groundball, 34, EV 86.3 MPH)
Batting: LHB Dan McClure 0-0: Called Strike
0-1: Swinging Strike
0-2: Ball
1-2: Foul Ball, location: 7LMF
1-2: Strikes out swinging
Pitching: RHP Pierluigi Palladio
Batting: RHB Eddie King 0-0: Ball
1-0: Called Strike
1-1: TRIPLE (Groundball, 5L, EV 106.3 MPH)
Pinch Hitting: LHB Marc Lambert 0-0: Ground out 4-3 (Groundball, 4, EV 88.8 MPH)
Bottom of the 8th over - 0 runs, 1 hit, 0 errors, 1 left on base; DSL Los Angeles (A) 1 - DSL Texas 6
TOP OF THE 9TH
DSL Los Angeles (A) Angels batting - Pitching for DSL Texas Rangers : RHP Jerry O'Reilly
Now at 3B: Dan Moss
Pinch Hitting: SHB Luis Féliz 0-0: Called Strike
0-1: Ball
1-1: Called Strike
1-2: Strikes out swinging
Pinch Hitting: RHB Sergio Alonso 0-0: Ball
1-0: Swinging Strike
1-1: Ball
2-1: Foul Ball, location: 9LMF
2-2: Foul Ball, location: 2F
2-2: Foul Ball, location: 3DF
2-2: Foul Ball, location: 2F
2-2: Foul Ball, location: 5FF
2-2: Ball
3-2: Strikes out swinging
Pinch Hitting: SHB Tomás Vargas 0-0: Ball
1-0: Swinging Strike
1-1: Called Strike
1-2: Strikes out swinging
Top of the 9th over - 0 runs, 0 hits, 0 errors, 0 left on base; DSL Los Angeles (A) 1 - DSL Texas 6
Wednesday, April 3rd , 2024 - OOTP Baseball 24.10 Build 82